 Dungeon Crawl Stone Soup version 0.31.0-32-g396128a36d (webtiles) character file.

Game seed: 5357436170710387682

155 AdnanSaban the Covered (level 5, -1/33 HPs)
             Began as a Gargoyle Fighter on Apr 18, 2024.
             Was an Initiate of Okawaru.
             Slain by a gnoll
             ... wielding a +0 halberd
              (7 damage)
             ... on level 3 of the Dungeon.
             The game lasted 00:02:18 (1880 turns).

AdnanSaban the Covered (Gargoyle Fighter)           Turns: 1880, Time: 00:02:19

Health: -1/33      AC: 13    Str: 21    XL:     5   Next: 37%
Magic:  5/5        EV:  9    Int:  9    God:    Okawaru [......]
Gold:   72         SH:  4    Dex:  9    Spells: 4/4 levels left

rFire   . . .        a - +0 flail
rCold   . . .        c - +0 buckler
rNeg    + . .        b - +0 scale mail
rPois   ∞            (no helmet)
rElec   +            s - scarf {repulsion}
rCorr   .            o - +1 pair of gloves
SInv    +            (no boots)
Will    .....        (no amulet) Stlth
                     n - ring of see invisible
HPRegen 0.25/turn    (no ring)
MPRegen 0.09/turn

%: repel missiles
@: no status effects
A: sickness immunity, AC +4, negative energy resistance 1, electricity
resistance, torment resistance 1, petrification resistance
a: Renounce Religion


You were on level 3 of the Dungeon.
You worshipped Okawaru.
Okawaru was noncommittal.
You visited 1 branch of the dungeon, and saw 3 of its levels.

You collected 72 gold pieces.

Inventory:

Hand Weapons
 a - a +0 flail (weapon)
Armour
 b - a +0 scale mail (worn)
 c - a +0 buckler (worn)
 o - a +1 pair of gloves (worn)
 s - a scarf of repulsion (worn)
Jewellery
 n - a ring of see invisible (left hand)
Scrolls
 e - a scroll of summoning {unknown}
 f - a scroll of enchant weapon {unknown}
 h - a scroll of fog {unknown}
 j - a scroll of teleportation {unknown}
 k - a scroll of identify {unknown}
 l - a scroll of poison {unknown}
 m - a scroll of torment {unknown}
 p - 2 scrolls of fear {unknown}
 t - a scroll of enchant armour {unknown}
Potions
 d - 2 potions of might
 g - 2 potions of haste {unknown}
 i - a potion of invisibility {unknown}
 q - a potion of attraction {unknown}
 r - 2 potions of magic {unknown}


   Skills:
 + Level 3.9 Fighting
 + Level 3.5 Maces & Flails
 + Level 4.1 Armour
 + Level 1.1 Dodging
 + Level 4.0 Shields


You had 4 spell levels left.
You didn't know any spells.
Your spell library contained the following spells:

 Spells                   Type           Power      Damage    Failure   Level
 Sigil of Binding         Hex            0%         N/A       98%         3
 Dimensional Bullseye     Hex/Tloc       0%         N/A       100%        4
 Call Canine Familiar     Summ           Unusable   N/A       N/A         3

Dungeon Overview and Level Annotations

Branches:
Dungeon (3/15)

Altars:
Okawaru

Shops:
D:2 [


Innate Abilities, Weirdness & Mutations

You are immune to sickness and miasma.
Your stone body is resilient. (AC +4)
You are immune to poison.
You resist negative energy. (rN+)
You are resistant to electric shocks. (rElec)
You are resistant to unholy torment.
You are immune to petrification.


Message History

Found 4 stones.
A gnoll is nearby!
A gnoll is nearby!
The goblin shouts!
You hit the gnoll.
The gnoll is moderately wounded.
The gnoll hits you but does no damage. The gnoll barely misses you.
The gnoll hits you from afar with a +0 spear.
You barely miss the gnoll.
The gnoll is moderately wounded.
The gnoll barely misses you. You block the gnoll's attack.
You closely miss the gnoll.
The gnoll is moderately wounded.
The gnoll hits you with a +0 flail. The gnoll barely misses you.
The gnoll hits you from afar with a +0 spear.
The gnoll barely misses you.
You hit the gnoll.
The gnoll is severely wounded.
The gnoll hits you from afar with a +0 halberd.
The gnoll hits you but does no damage. The gnoll barely misses you. x2
You hit the gnoll.
You kill the gnoll!
Okawaru accepts your kill. The gnoll hits you but does no damage.
The goblin closely misses you. The gnoll hits you but does no damage.
The gnoll hits you from afar with a +0 spear.
Your Dodging skill increases to level 1!
The goblin attacks as it pursues you! The goblin misses you.
The gnoll attacks as it pursues you! The gnoll hits you but does no damage.
The goblin attacks as it pursues you! The goblin barely misses you.
The gnoll attacks as it pursues you! You block the gnoll's attack.
The goblin barely misses you.
The gnoll hits you from afar with a +0 halberd!
* * * LOW HITPOINT WARNING * * *
The gnoll attacks as it pursues you!
The gnoll hits you from afar with a +0 halberd.
* * * LOW HITPOINT WARNING * * *
The gnoll attacks as it pursues you!
The gnoll hits you from afar with a +0 halberd!
You die...

#......## ......._....
#......#.#.#
##.###...###
#.##.....#.#### ##.##
#.##.##.......# ##. #.#
#.##.###......##... #.#
###.##..##.........#
..# #
##...##.............
.... #
##.......)..#.....#
####. #
#..............@..#
#.##
#............###g##.#.#
#.#. #............#
#g##.#.###..##...
##.$..<...).##
#.##.#...##......
##(........# #g...#.#
.##..#.#
#####.###g####..##..#
....##.. #.#
#...#..###.#####.# ##.
#.# ###..........###.##
#. #..
###..###.....#...###.


You could see 2 gnolls and a goblin.

Vanquished Creatures
  Terence (D:2)
  2 gnolls (D:3)
  5 adders
  5 dart slugs
  3 ribbon worms (D:2)
  4 endoplasms
  4 giant cockroaches
  3 hobgoblins
  3 jackals (D:1)
  3 kobolds
  2 quokkas (D:2)
  5 ball pythons
  8 bats
  7 frilled lizards
  2 goblins
  2 rats
59 creatures vanquished.

Notes
Turn   | Place    | Note
-------+----------+-------------------------------------------
     0 | D:1      | AdnanSaban the Gargoyle Fighter began the quest for the
                  | Orb.
     0 | D:1      | Reached XP level 1. HP: 14/14 MP: 1/1
    58 | D:1      | Reached XP level 2. HP: 17/19 MP: 2/2
   326 | D:1      | Reached XP level 3. HP: 24/24 MP: 3/3
   910 | D:2      | Reached XP level 4. HP: 29/29 MP: 4/4
  1083 | D:2      | Noticed Terence
  1093 | D:2      | Killed Terence
  1131 | D:2      | Found Telupn's Antique Armour Boutique.
  1423 | D:3      | Reached XP level 5. HP: 33/33 MP: 5/5
  1458 | D:3      | HP: 1/33 [gnoll/+0 flail (8)]
  1746 | D:3      | Found an iron altar of Okawaru.
  1755 | D:3      | Became a worshipper of Warmaster Okawaru
  1869 | D:3      | Reached skill level 1 in Dodging
  1880 | D:3      | Slain by a gnoll

Illustrated notes

Levels and vault maps discovered:
D:1:      amcnicky_arrival_choice, layout_basic
D:2:      minmay_chambers_of_ones, layout_basic, serial_shops,
          nicolae_shop_hallway_stairs, uniq_terence
D:3:      layout_rooms, nicolae_overflow_crystal_walls

Skill      XL: |  1  2  3  4  5 |
---------------+----------------+-----
Maces & Flails | 3 |  3.5
Armour         | 4 |  4.1
Shields        | 4 |  4.0
Dodging        | 1 |  1.1
Fighting       | |  3.9

Action                     |  1- 3 |  4- 6 || total
---------------------------+-------+-------++-------
  Melee: Flail             |   145 |    72 ||   217
 Armour: Scale mail        |   120 |    80 ||   200
  Dodge: Dodged            |   104 |    59 ||   163
  Block: Buckler           |    50 |    26 ||    76
